 Dungeon Crawl Stone Soup version 0.29-a0-96-g93358da72b (webtiles) character file.

Game seed: 6864252656463406320

22 Nelsoonmonsoon the Firebug (level 2, -1/24 HPs)
             Began as an Ogre Fire Elementalist on Feb 12, 2022.
             Slain by an adder (2 damage)
             ... on level 2 of the Dungeon.
             The game lasted 00:09:48 (1302 turns).

Nelsoonmonsoon the Firebug (Ogre Fire Elementalist) Turns: 1302, Time: 00:09:49

Health: -1/24      AC:  4    Str: 11    XL:     2   Next: 91%
Magic:  5/5        EV:  9    Int: 16    God:
Gold:   0          SH:  0    Dex:  9    Spells: 5/6 levels left

rFire   + . .      SeeInvis .   d - +0 club
rCold   + . .      Faith    .   (no shield)
rNeg    . . .      Spirit   .   g - +1 robe {rC+ rF+}
rPois   .          Reflect  .   (helmet restricted)
rElec   .          Harm     .   (no cloak)
rCorr   .          Rampage  .   (gloves unavailable)
Will    .....                   (boots unavailable)
Stlth   +.........              (no amulet)
HPRegen 0.08/turn               (no ring)
MPRegen 0.09/turn               (no ring)

@: no status effects
A: large, unfitting armour, tough skin 1
a: no special abilities


You were on level 2 of the Dungeon.
You visited 1 branch of the dungeon, and saw 2 of its levels.

Inventory:

Hand Weapons
 d - a +0 club (weapon)
Armour
 a - a +0 robe
 e - a +0 pair of boots
 g - a +1 robe of resistance (worn)
 i - a +0 chain mail
Scrolls
 b - 2 scrolls of teleportation {unknown}
 h - 2 scrolls of identify {unknown}
Potions
 c - a potion of heal wounds {unknown}
 f - 2 potions of invisibility {unknown}
 j - a potion of degeneration {unknown}


   Skills:
 - Level 1.8 Dodging
 - Level 1.4 Stealth
 + Level 2.9 Spellcasting
 + Level 1.5 Conjurations
 + Level 3.0 Fire Magic


You had 5 spell levels left.
You knew the following spells:

 Your Spells              Type           Power      Damage    Failure   Level
a - Foxfire               Conj/Fire      36%        2x1d5     8%          1

Your spell library contained the following spells:

 Spells                   Type           Power      Damage    Failure   Level
 Scorch                   Fire           24%        2d6       9%          2
 Conjure Flame            Conj/Fire      9%         6-21      22%         3
 Inner Flame              Hex/Fire       7%         N/A       30%         3
 Flame Wave               Conj/Fire      9%         2d5       58%         4


Dungeon Overview and Level Annotations

Branches:
Dungeon (2/15)

Altars:

Annotations:
D:2 Natasha


Innate Abilities, Weirdness & Mutations

You are too large for most types of armour.
You have tough skin. (AC +1)


Message History

You see here a +0 club.
There is a stone staircase leading down here.
You climb downwards.
There is a stone staircase leading up here.
Found a glowing pink potion.
Found a stone staircase leading up.
Found a dagger.
j - a glowing pink potion You see here a +0 dagger.
Found a stone staircase leading down.
Natasha, Servant of Life and Death comes into view.
Found a robe.
Natasha growls.
Natasha stares at you and mumbles some strange words.
The magic dart hits you!
Natasha casts a spell.
An adder comes into view.
The adder hisses angrily.
Natasha stares at you and mumbles some strange words.
The magic dart hits you. The adder bites you.
* * * LOW HITPOINT WARNING * * *
You are poisoned.
The adder poisons you! The adder barely misses you.
* * * LOW HITPOINT WARNING * * *
You feel sick.
* * * LOW HITPOINT WARNING * * *
You feel sick.
* * * LOW HITPOINT WARNING * * *
You feel sick. The adder bites you but does no damage.
* * * LOW HITPOINT WARNING * * *
You feel sick.
Natasha mumbles some strange words.
* * * LOW HITPOINT WARNING * * *
You feel sick.
* * * LOW HITPOINT WARNING * * *
You feel sick.
You are no longer poisoned.
The adder bites you.
You die...

#.....................####.##.#
#.##################.##
#..##.## #.#.........# #...
#....... #...........#
####.#####... ###.........#
......#... #.........# #
......... #.........#.########
###..<.. #.........#.#......#
#..... #####...#...#@# #.....
#######.#.###S# #..###
#.......5.h...# #..#
####.#.....####### #..###
h..........# #..##.
####.......# #..##. # ####..#.#
#.#..##. # ....#.# #....... #
######.# ########


You could see an adder.

Vanquished Creatures
  2 dart slugs (D:1)
  An endoplasm (D:1)
  2 goblins (D:1)
  2 hobgoblins (D:1)
  3 kobolds (D:1)
  A quokka (D:1)
  3 bats (D:1)
  A frilled lizard (D:1)
  3 rats (D:1)
18 creatures vanquished.

Vanquished Creatures (others)
  38 foxfires (D:1)
38 creatures vanquished.

Grand Total: 56 creatures vanquished

Notes
Turn   | Place    | Note
-------+----------+-------------------------------------------
     0 | D:1      | Nelsoonmonsoon the Ogre Fire Elementalist began the quest
                  | for the Orb.
     0 | D:1      | Reached XP level 1. HP: 16/16 MP: 3/3
    44 | D:1      | Reached skill level 1 in Conjurations
   210 | D:1      | Reached XP level 2. HP: 24/24 MP: 1/5
   526 | D:1      | Found a faded altar of an unknown god.
   763 | D:1      | Reached skill level 3 in Fire Magic
  1279 | D:2      | Noticed Natasha
  1282 | D:2      | Noticed a crimson imp
  1302 | D:2      | HP: 1/24 [poisoned by an adder]
  1302 | D:2      | Slain by an adder

Illustrated notes

Levels and vault maps discovered:
D:1:      heliophobic_arrival_henge, layout_basic,
          shapermc_ecumenical_altar_ellora
D:2:      layout_basic, uniq_natasha

Skill      XL: |  1  2 |
---------------+-------+-----
Conjurations   | 1 |  1.5
Fire Magic     | 3 |  3.0
Dodging        | |  1.8
Stealth        | |  1.4
Spellcasting   | |  2.9

Action                   || total
-------------------------++-------
Melee: Club              ||    13
 Cast: Foxfire           ||    29
Armor: Robe              ||    21
Dodge: Dodged            ||    12

Table legend: (Time is in decaauts)
 A = Elapsed time spent in this place.
 B = Non-inter-level travel time spent in this place.
 C = Inter-level travel time spent in this place.
 D = Time resting spent in this place.
 E = Time spent auto-exploring this place.
 F = Levels seen in this place.
 G = Mean time per level.
                   A        B        C        D        E       F      G
               +--------+--------+--------+--------+--------+-----+--------+
         Total |   1305 |   1258 |     47 |    198 |    536 |   2 |  652.5 |
       Dungeon |   1305 |   1258 |     47 |    198 |    536 |   2 |  652.5 |
               +--------+--------+--------+--------+--------+-----+--------+

Top non-repeatable levels by time:
     D:1: 1205 daAuts
     D:2: 99 daAuts
